 Dungeon Crawl Stone Soup version 0.27.1-2-g3b301248ec (webtiles) character file.

Game seed: 112214813220999349

403 cummra the Digger (level 6, -1/32 HPs)
             Began as a Gargoyle Earth Elementalist on Sept 27, 2021.
             Slain by a centaur zombie (2 damage)
             ... in an ossuary.
             The game lasted 00:08:10 (3452 turns).

cummra the Digger (Gargoyle Earth Elementalist)     Turns: 3452, Time: 00:08:12

Health: -1/32      AC:  7    Str: 12    XL:     6   Next: 86%
Magic:  0/12       EV: 11    Int: 17    God:
Gold:   161        SH:  0    Dex: 10    Spells: 9/13 levels left

rFire    . . .     SeeInvis .   e - +1 whip (elec)
rCold    . . .     Faith    .   (no shield)
rNeg     + . .     Spirit   .   b - +0 robe
rPois    ∞         Reflect  .   f - +0 helmet
rElec    +         Harm     .   (no cloak)
rCorr    .         Rampage  .   (no gloves)
Will     .....                  (no boots)
Stlth    ++........             (no amulet)
HPRegen  0.10/turn              (no ring)
MPRegen  0.13/turn              (no ring)

@: marked
A: sickness immunity, AC +4, negative energy resistance 1, electricity
resistance, torment resistance 1, petrification resistance
a: no special abilities


You were in an ossuary.
You visited 1 branch of the dungeon, and saw 4 of its levels.
You also visited: Ossuary.

You collected 161 gold pieces.

Inventory:

Hand Weapons
 e - a +1 whip of electrocution (weapon)
Missiles
 c - 43 stones
Armour
 b - a +0 robe (worn)
 f - a +0 helmet (worn)
Scrolls
 h - a scroll of identify
Potions
 a - 2 potions of attraction {unknown}
 g - a potion of haste {unknown}
 i - a potion of heal wounds {unknown}


   Skills:
 - Level 1.5 Dodging
 - Level 2.1 Stealth
 + Level 4.2 Spellcasting
 + Level 3.3 Conjurations
 - Level 0.7 Transmutations
 + Level 6.2 Earth Magic


You had 9 spell levels left.
You knew the following spells:

 Your Spells              Type           Power      Damage    Failure   Level
a - Sandblast             Erth           48%        2d12      1%          1
b - Stone Arrow           Conj/Erth      38%        3d9       6%          3

Your spell library contained the following spells:

 Spells                   Type           Power      Damage    Failure   Level
 Passwall                 Tmut/Erth      12%        N/A       5%          2
 Petrify                  Tmut/Erth      15%        N/A       36%         4


Dungeon Overview and Level Annotations

Branches:
Dungeon (4/15)            Ossuary (1/1)
 Temple: D:4-7

Altars:


Innate Abilities, Weirdness & Mutations

You are immune to sickness and miasma.
Your stone body is resilient. (AC +4)
You are immune to poison.
You resist negative energy. (rN+)
You are resistant to electric shocks. (rElec)
You are resistant to unholy torment.
You are immune to petrification.


Message History

You hit the hobgoblin zombie but do no damage.
Lightning courses through the hobgoblin zombie!!
You destroy the hobgoblin zombie!
The centaur zombie hits you.
* * * LOW HITPOINT WARNING * * *
The centaur zombie kicks you but does no damage.
The centaur zombie misses you.
The centaur zombie kicks you but does no damage.
The centaur zombie hits you but does no damage.
The centaur zombie kicks you but does no damage.
The centaur zombie hits you but does no damage.
The centaur zombie kicks you but does no damage.
Your magical contamination has completely faded away.
You feel better.
The centaur zombie barely misses you. x2
The centaur zombie misses you.
The centaur zombie barely misses you. x2
The centaur zombie kicks you but does no damage.
The centaur zombie hits you.
* * * LOW HITPOINT WARNING * * *
The centaur zombie kicks you but does no damage.
The centaur zombie hits you but does no damage.
The centaur zombie kicks you but does no damage.
The centaur zombie hits you but does no damage.
The centaur zombie completely misses you.
Casting: Sandblast (safe; 1% risk of failure)
Confirm with . or Enter, or press ? or * to list all spells.
You don't have enough magic to cast this spell.
You whack the centaur zombie!
The centaur zombie is moderately damaged.
The centaur zombie closely misses you. The centaur zombie kicks you.
* * * LOW HITPOINT WARNING * * *
The centaur zombie barely misses you.
The centaur zombie kicks you but does no damage.
The centaur zombie hits you.
* * * LOW HITPOINT WARNING * * *
The centaur zombie kicks you but does no damage.
The centaur zombie hits you but does no damage.
The centaur zombie kicks you.
* * * LOW HITPOINT WARNING * * *
The centaur zombie hits you.
You die...

##..^..##
#...^...#
#...^.#
#.Z.^.#
#.....#
#..∩..#
#.....#
#.ZZ..#
#.@Z..#
#..Z..#
#.....#
#.....#
##...##
#####


You could see a hobgoblin zombie and 4 centaur zombies.

Vanquished Creatures
  An ogre (D:3)
  A centaur zombie (Ossuary)
  A hound (D:3)
  An orc priest (D:4)
  A centaur skeleton (D:4)
  An iguana (D:4)
  Natasha (D:2)
  3 mummies (Ossuary)
  Robin (D:2)
  2 adders
  An adder skeleton (D:4)
  A worm (D:2)
  4 dart slugs
  4 orcs
  5 bats
  3 endoplasms
  2 giant cockroaches
  6 hobgoblins
  5 kobolds
  3 quokkas
  A ball python (D:2)
  4 frilled lizards
  16 goblins
  A hobgoblin zombie (Ossuary)
  7 rats
  A spectral kobold (D:2)
77 creatures vanquished.

Vanquished Creatures (others)
  A goblin (D:3)
1 creature vanquished.

Grand Total: 78 creatures vanquished

Notes
Turn   | Place    | Note
-------+----------+-------------------------------------------
     0 | D:1      | cummra the Gargoyle Earth Elementalist began the quest for
                  | the Orb.
     0 | D:1      | Reached XP level 1. HP: 10/10 MP: 3/3
    86 | D:1      | Reached skill level 4 in Earth Magic
    86 | D:1      | Reached XP level 2. HP: 9/15 MP: 0/5
  1170 | D:2      | Noticed Robin
  1186 | D:2      | Reached XP level 3. HP: 19/19 MP: 3/6
  1191 | D:2      | Killed Robin
  1457 | D:2      | Learned a level 3 spell: Stone Arrow
  1576 | D:2      | Reached XP level 4. HP: 17/24 MP: 5/8
  1889 | D:2      | Found a faded altar of an unknown god.
  2293 | D:2      | Noticed Natasha
  2295 | D:2      | Killed Natasha
  2296 | D:2      | Reached skill level 1 in Conjurations
  2296 | D:2      | Reached skill level 5 in Earth Magic
  2448 | D:3      | Reached XP level 5. HP: 28/28 MP: 5/10
  2728 | D:3      | Noticed an ogre
  2734 | D:3      | Killed an ogre
  2735 | D:3      | Reached XP level 6. HP: 32/32 MP: 7/11
  3178 | D:4      | Reached skill level 6 in Earth Magic
  3411 | D:4      | Found a sand-covered staircase.
  3421 | Ossuary  | Entered an ossuary
  3452 | Ossuary  | HP: 1/32 [centaur zombie (2)]
  3452 | Ossuary  | Slain by a centaur zombie

Illustrated notes

Levels and vault maps discovered:
D:1:      dpeg_arrival_more_subterranean_lakeside_camping, layout_basic
D:2:      layout_basic, dreamdust_ecumenical_altar_drowned_temple,
          minmay_unequal, uniq_natasha, uniq_robin
D:3:      layout_basic, minivault_19, st_stairs_1, hangedman_decor_points,
          lemuel_flame_loot_1
D:4:      layout_basic, grunt_temple_overflow_open, enter_ossuary_1
Ossuary:  ossuary_the_hunt_dpeg

Skill      XL: |  1  2  3  4  5  6 |
---------------+-------------------+-----
Earth Magic    | 4 5 6 |  6.2
Spellcasting   | 3 4 |  4.2
Conjurations   | 1 2 3 |  3.3
Dodging        | |  1.5
Stealth        | |  2.1
Transmutations | |  0.7

Action                   |  1- 3 |  4- 6 || total
-------------------------+-------+-------++-------
Melee: Short sword       |    11 |       ||    11
       Unarmed           |     1 |       ||     1
       Whip              |    41 |    67 ||   108
 Cast: Sandblast         |    23 |    46 ||    69
  Use: Scroll            |       |     2 ||     2
       Potion            |       |     3 ||     3
 Stab: Sleeping          |     2 |       ||     2
Armor: Robe              |    33 |    95 ||   128
Dodge: Dodged            |    26 |   119 ||   145
